AoeStats
← 1768193321

Fortress

508213533Analyzed
4v4 RM · 11d ago on Sep 21, 2026· 26m 47s· 8 players
Game mode
Random Map
Map size
Huge
Population
200
Speed
Normal
Resources
Standard
Victory
Conquest
Starting age
Dark Age
Ending age
Imperial Age
RankedLock teamsTeams togetherTeam positionsShared explorationLock speedFull tech treeHidden civsTurbo modeCheats
Victory
Defeat
🇨🇿 Turks · Czechia
1431
+13
🇦🇷 Wu · Argentina
1392
+15
🇷🇺 Slavs · Russia
1380
+15
🇨🇿 Georgians · Czechia
1366
+17
🇦🇷 Persians · Argentina
1372
-15
🇨🇳 Turks · China
1371
-15
🇨🇳 Britons · China
1365
-15
🇻🇳 Inca · Vietnam
1364
-15
1768193321
8:49 Feudal Age
12:32 Castle Age
10:52 Horse Collar
11:23 Double-Bit Axe
12:21 Loom
14:53 Padded Archer Armor
16:05 Leather Archer Armor
FF熊熊
7:43 Feudal Age
11:58 Castle Age
10:00 Double-Bit Axe
10:37 Horse Collar
12:54 Bow Saw
18:19 Fletching
18:56 Town Watch
18:56 Loom
19:41 Gold Mining
23:16 Wheelbarrow
26:07 Imperial Age
23:51 Treadmill Crane
25:06 Bodkin Arrow
25:28 Masonry
25:49 Ballistics
KanA
5:16 Loom
7:01 Feudal Age
12:23 Castle Age
10:42 Double-Bit Axe
11:11 Gold Mining
16:26 Wheelbarrow
15:33 Horse Collar
22:13 Hand Cart
23:13 Bow Saw
23:04 Heavy Plow
24:16 Bow Saw
25:43 Husbandry
25:53 Bloodlines
25:50 Scale Barding Armor
25:55 Forging
29:11 Imperial Age
27:31 Bloodlines
gianghodd01
8:33 Feudal Age
9:01 Double-Bit Axe
9:00 Horse Collar
10:59 Loom
13:20 Castle Age
15:04 Wheelbarrow
15:08 Bow Saw
15:57 Pikeman
19:53 Champi Runner
20:59 Champi Warrior
KEFÍRER
9:31 Feudal Age
10:27 Double-Bit Axe
10:35 Gold Mining
10:36 Loom
13:19 Castle Age
16:37 Imperial Age
22:32 Wheelbarrow
[TOX2] Nicob
6:19 Feudal Age
10:36 Castle Age
9:32 Double-Bit Axe
9:55 Fletching
11:52 Bow Saw
13:16 Bodkin Arrow
16:08 Padded Archer Armor
18:51 Red Cliffs Tactics
19:05 Horse Collar
24:12 Gold Mining
INghost
8:18 Feudal Age
10:09 Wheelbarrow
9:27 Double-Bit Axe
10:28 Gold Mining
12:42 Castle Age
10:37 Horse Collar
14:00 Bow Saw
14:27 Bloodlines
14:32 Forging
14:50 Scale Barding Armor
17:16 Iron Casting
18:55 Chain Barding Armor
19:40 Husbandry
89sokol89
7:31 Feudal Age
11:31 Castle Age
10:26 Double-Bit Axe
10:24 Horse Collar
12:13 Wheelbarrow
11:25 Loom
12:49 Heavy Plow
13:34 Bow Saw
17:17 Scale Barding Armor
20:02 Forging
23:39 Iron Casting
24:07 Chain Barding Armor
25:16 Detinets
25:49 Gold Mining
25:50 Stone Mining
Connection lost

Rejoining the realm…

Still unreachable

The connection could not be restored.

Session expired

The server has moved on; the page needs a fresh start.